Map: Acid Plant LE

Players

SpeCial - Winner!

  • Race: Terran Terran
  • League: Master
  • Spawn Location: 11:00

Lambo

  • Race: Zerg Zerg
  • Spawn Location: 5:00

Event: Memes & Dreams Invitational

VOD

Have the link to the VOD?

Description

Time

  • Played on: April 14, 2018, 5:45 a.m.
  • Length: 7:54

All games in this series

Show
View Real Time Build Order
Export as new Build Order

SpeCial Terran - Winner!

Build Orders: Reaper Expand, Hellion Banshee, Mech 

Get SALT Encoding   

  12  0:00  SCV  
  13  0:13  SCV  
  14  0:17  Supply Depot  
  14  0:25  SCV  
  15  0:39  SCV  
  15  0:42  Barracks  
  16  0:44  Refinery  
  16  0:51  SCV  
  17  1:03  SCV  
  18  1:15  SCV  
  19  1:29  Reaper, Orbital Command  
  20  1:39  Command Center  
  20  1:49  Supply Depot  
  20  1:54  SCV  
  20  2:01  Marine  
  22  2:05  Factory  
  22  2:06  SCV  
  23  2:12  Refinery  
  23  2:19  SCV  
  23  2:21  Barracks Reactor  
  24  2:31  SCV  
  25  2:43  SCV  
  26  2:50  Starport  
  26  2:55  Orbital Command  
  26  2:56  SCV  
  27  3:05  Barracks Tech Lab  
  27  3:06  Hellion x2  
  27  3:08  SCV  
  32  3:24  SCV  
  32  3:25  SCV  
  33  3:28  Hellion x2  
  33  3:31  Supply Depot  
  33  3:33  Cloaking Field  
  33  3:34  Banshee  
  37  3:39  SCV x2  
  42  3:49  Hellion x2  
  42  3:52  SCV  
  42  3:53  Supply Depot  
  42  3:54  SCV  
  48  3:58  Barracks Tech Lab  
  48  4:05  SCV  
  48  4:06  SCV  
  50  4:10  Cyclone  
  50  4:15  Cyclone  
  50  4:17  SCV  
  57  4:18  SCV  
  58  4:26  Supply Depot  
  58  4:29  SCV  
  59  4:32  Banshee  
  59  4:35  Command Center  
  62  4:42  Supply Depot  
  62  4:48  SCV  
  62  4:49  Hellion  
  62  4:50  Hellion, Supply Depot, SCV  
  68  5:00  SCV  
  68  5:03  SCV  
  67  5:12  SCV  
  68  5:15  Factory, SCV  
  68  5:19  Refinery x2  
  68  5:21  Hellion x2  
  69  5:24  SCV  
  69  5:27  SCV  
  69  5:36  SCV  
  69  5:39  SCV  
  69  5:41  Armory  
  69  5:42  Hellion x2  
  69  5:45  Armory  
  69  5:48  SCV, Orbital Command  
  69  5:49  Factory  
  70  5:51  SCV  
  71  6:00  Siege Tank, SCV  
  71  6:03  SCV  
  76  6:04  Starport Reactor  
  76  6:10  Hellion x2  
  80  6:12  SCV  
  80  6:15  SCV  
  80  6:16  Orbital Command  
  82  6:24  SCV  
  83  6:27  SCV  
  83  6:31  Hellion x2  
  88  6:33  Siege Tank  
  88  6:36  SCV, Refinery  
  88  6:39  SCV  
  93  6:41  Supply Depot, Engineering Bay  
  93  6:45  SCV  
  90  6:47  Refinery  
  90  6:49  SCV  
  90  6:51  SCV  
  90  6:52  Cyclone  
  95  6:54  Cyclone  
  95  6:57  SCV  
  95  6:59  Bunker  
  95  7:01  SCV  
  100  7:03  Siege Tank, SCV  
  100  7:05  Siege Tank  
  107  7:10  Supply Depot  
  107  7:13  Supply Depot  
  107  7:15  Supply Depot x2  
  104  7:27  SCV  
  104  7:28  SCV  
  104  7:29  Marine  
  96  7:35  SCV  
  84  7:40  SCV  
Show
View Real Time Build Order
Export as new Build Order

Lambo Zerg 

Build Orders: Hatch First 

Get SALT Encoding   

  12  0:00  Drone  
  13  0:12  Overlord  
  13  0:17  Drone  
  14  0:31  Drone x2  
  16  0:48  Hatchery  
  15  0:51  Drone  
  15  0:54  Drone  
  17  0:57  Drone  
  18  1:07  Extractor  
  17  1:14  Spawning Pool  
  17  1:16  Drone  
  17  1:20  Drone  
  18  1:28  Drone  
  19  1:38  Drone  
  20  1:50  Overlord  
  20  2:00  Queen x2  
  20  2:01  Zergling x4  
  26  2:08  Metabolic Boost  
  26  2:12  Drone x2  
  28  2:23  Drone x2  
  30  2:36  Hatchery  
  29  2:41  Drone  
  29  2:45  Drone  
  30  2:52  Drone  
  30  2:58  Drone, Queen  
  32  2:59  Overlord  
  32  3:01  Drone  
  35  3:05  Drone  
  36  3:18  Drone  
  36  3:21  Overlord  
  36  3:26  Drone x3, Overlord  
  39  3:28  Drone  
  40  3:34  Queen  
  40  3:37  Drone  
  40  3:41  Drone  
  44  3:46  Lair  
  44  3:48  Zergling x4  
  44  3:49  Queen, Zergling x2  
  49  3:58  Zergling x2  
  49  3:59  Drone x3  
  53  4:03  Drone  
  53  4:04  Roach Warren  
  53  4:07  Drone x2  
  53  4:09  Overlord  
  55  4:12  Drone  
  55  4:13  Drone  
  56  4:18  Drone x2  
  56  4:23  Spore Crawler  
  57  4:24  Spore Crawler  
  57  4:29  Drone x2  
  57  4:31  Spore Crawler, Drone  
  56  4:32  Drone  
  56  4:35  Drone x2, Extractor  
  56  4:37  Extractor  
  58  4:41  Drone x3  
  61  4:47  Roach x2  
  61  4:48  Overseer  
  61  4:51  Drone  
  66  4:53  Overlord  
  66  4:59  Overlord  
  66  5:00  Overlord  
  66  5:06  Overlord  
  64  5:07  Roach  
  64  5:12  Roach x2  
  64  5:17  Zergling x6, Roach x2  
  68  5:22  Zergling x2  
  68  5:23  Zergling x2, Roach  
  68  5:26  Zergling x4, Roach  
  70  5:29  Zergling x2  
  70  5:33  Drone x2  
  70  5:34  Drone x2  
  72  5:44  Roach x2  
  76  5:54  Queen  
  76  5:55  Queen  
  80  5:59  Pneumatized Carapace  
  84  6:04  Roach x2  
  84  6:10  Roach  
  86  6:12  Overlord  
  86  6:15  Overlord  
  86  6:17  Roach x2  
  90  6:21  Overlord  
  94  6:25  Roach x2  
  94  6:31  Roach x2  
  98  6:37  Roach x2  
  102  6:46  Roach  
  102  6:47  Roach x2  
  104  6:49  Overlord  
  104  6:52  Roach x2  
  108  6:58  Roach x2  
  112  7:04  Zergling x2  
  112  7:05  Zergling x8  
  117  7:09  Ravager  
  117  7:10  Zergling x4  
  119  7:18  Zergling x4  
  119  7:19  Zergling x4  
  119  7:20  Ravager  
  123  7:28  Zergling x4, Roach x2  
  115  7:33  Zergling x4  
Tags
 
Add a new tag
Caveats
  • Supply blocks, unpowered buildings, or Contaminate may cause inaccurate times.
  • Supply counts are checked every 10 seconds.